AoeStats
← Outsider

Golden Pit

503653677Analyzed
1v1 RM · 1mo ago on Sep 1, 2026· 77m 0s· 2 players
Game mode
Random Map
Map size
Tiny (2 player)
Population
200
Speed
Normal
Resources
Standard
Victory
Conquest
Starting age
Dark Age
Ending age
Imperial Age
RankedLock teamsTeams togetherTeam positionsShared explorationLock speedFull tech treeHidden civsTurbo modeCheats
Victory
Defeat
🇦🇺 Chinese · Australia
904
+25
🇫🇷 Mongols · France
921
-17
Outsider
0:43 Loom
10:03 Feudal Age
16:09 Double-Bit Axe
16:54 Fletching
17:04 Padded Archer Armor
19:16 Horse Collar
23:48 Castle Age
24:06 Crossbowman
24:52 Thumb Ring
24:44 Bodkin Arrow
25:04 Leather Archer Armor
27:09 Town Watch
28:02 Wheelbarrow
35:26 Squires
35:38 Forging
41:48 Bow Saw
45:55 Hand Cart
52:03 Imperial Age
59:19 Chemistry
58:57 Bracer
59:12 Leather Archer Armor
60:35 Iron Casting
62:22 Great Wall
64:59 Ballistics
64:54 Husbandry
67:20 Scale Barding Armor
68:15 Blast Furnace
67:35 Capped Ram
70:03 Pikeman
MasterGogole
2:54 Loom
12:10 Feudal Age
12:49 Double-Bit Axe
14:58 Horse Collar
21:20 Castle Age
19:47 Fletching
20:02 Stone Mining
22:41 Heavy Plow
23:00 Bow Saw
24:20 Wheelbarrow
32:24 Ballistics
43:52 Town Watch
44:42 Hand Cart
47:50 Imperial Age
46:12 Light Cavalry
47:02 Bloodlines
46:53 Husbandry
49:18 Husbandry
54:20 Elite Skirmisher
56:45 Elite Skirmisher
60:43 Scale Barding Armor
60:39 Scale Mail Armor
60:49 Forging
61:30 Bodkin Arrow
63:45 Padded Archer Armor
69:41 Hussar
71:55 Chain Barding Armor
73:30 Iron Casting
73:10 Chain Mail Armor
Connection lost

Rejoining the realm…

Still unreachable

The connection could not be restored.

Session expired

The server has moved on; the page needs a fresh start.